 Dungeon Crawl Stone Soup version 0.15-a0-271-g6095dc6 (webtiles) character file.

323 PolkaDot the Caller (level 5, -13/35 HPs)
             Began as a Vampire Summoner on Apr 28, 2014.
             Mangled by an ice beast (22 damage)
             ... on Level 3 of the Dungeon.
             The game lasted 00:10:18 (2308 turns).

PolkaDot the Caller (Vampire Summoner)              Turns: 2308, Time: 00:10:19

HP -13/35        AC  3     Str  7      XL: 5   Next: 34%
MP   2/10        EV 11     Int 18      God:
Gold 141         SH  8     Dex 14      Spells:  3 memorised,  3 levels left

rFire  + . .     SeeInvis +     i - +3 short sword
rCold  x . .     Clarity  .     a - +0 robe
rNeg   + . .     Conserve .     o - +1 buckler
rPois  .         rCorr    .     (no helmet)
rElec  .         rRot     .     f - +0 cloak
SustAb . .       Spirit   .     (no gloves)
rMut   .         Warding  .     (no boots)
Saprov . . .     Stasis   .     (no amulet)
MR     .....                    p - ring of fire
                                l - +7,+5 ring of slaying

@: not resistant to hostile enchantments, stealthy
A: fangs 3, see invisible, unbreathing
a: Bat Form


You were on level 3 of the Dungeon.
You were not thirsty.

You visited 1 branch of the dungeon, and saw 3 of its levels.

You collected 141 gold pieces.

Inventory:

Hand weapons
 i - a +3,+3 short sword (weapon)
Armour
 a - a +0 robe (worn)
 f - a +0 cloak (worn)
 o - a +1 buckler (worn)
Scrolls
 c - a scroll of remove curse {unknown}
 d - a scroll of enchant weapon II
 e - 3 scrolls of fear {unknown}
 g - a scroll of identify {unknown}
 h - a scroll of teleportation {unknown}
 j - 3 scrolls of immolation {unknown}
 n - 2 scrolls of enchant weapon I {unknown}
Jewellery
 l - a +7,+5 ring of slaying (left hand)
 p - a ring of fire (right hand)
Potions
 k - a potion of heal wounds
 m - a potion of resistance {unknown}
 q - 3 potions of curing
 r - a potion of poison {unknown}
 s - a potion of magic {unknown}
Books
 b - a book of Callings

   Spells                             Type                      Level
   *Summon Small Mammal               Summoning                    1
   *Call Imp                          Summoning                    2
   *Call Canine Familiar              Summoning                    3
   Summon Guardian Golem              Hexes/Summoning              4
   Summon Lightning Spire             Summoning/Air                4
   Summon Ice Beast                   Ice/Summoning                4


   Skills:
 - Level 2.1 Dodging
 - Level 3.0 Stealth
 * Level 2.9 Spellcasting
 + Level 6.2 Summonings


You had 3 spell levels left.
You knew the following spells:

 Your Spells              Type           Power        Failure   Level  Hunger
a - Summon Small Mammal   Summ           ####         1%          1    None
d - Call Canine Familiar  Summ           ####....     6%          3    ###....
s - Call Imp              Summ           ####....     2%          2    ##.....


Dungeon Overview and Level Annotations

Branches:
Dungeon (3/15)

Altars:
Elyvilon
Xom


Innate Abilities, Weirdness & Mutations

You have razor-sharp teeth.*
You have supernaturally acute eyesight.
You can survive without breathing.*


Message History

Read which item? (? for menu, Esc to quit)
Okay, then.
Read which item? (? for menu, Esc to quit)
As you read the scroll labeled PNAGRO LENUB, it crumbles to dust.
It is a scroll of enchant weapon II.
Enchant which weapon? (? for menu, Esc to quit)
Your +3,+2 short sword glows red for a moment.
You closely miss the ice beast.
The ice beast is lightly wounded.
The ice beast hits you. The ice beast freezes you!
You feel a terrible chill!
One of your 3 white potions freezes and shatters!
Ouch! That really hurt!
* * * LOW HITPOINT WARNING * * *
One of your 2 white potions freezes and shatters!
Your crimson imp hits the ice beast.
You swap places.
The ice beast hits you.
* * * LOW HITPOINT WARNING * * *
The ice beast freezes you!
You feel a terrible chill!
Ouch! That really hurt!
You die...

...................#
....##.###....####.#
....##.# ####.# #.#.
###.##.# #.####>#.#
♣##..#.# #......#.#
≈♣≈≈...# ######.#.#
≈P≈≈♣..# #.#.#
P≈≈≈≈..###########.#.#
≈≈≈≈♣..........Y5#.#.#
≈≈≈♣♣..#########@#...####
### ≈≈≈≈♣
#.#......####.## ≈≈≈≈P.
#.#.#..........# ≈≈P♣..
#.#.#.##.####.## ≈≈≈.$
#.#...##.# #.# ≈≈≈.
#.#.####.####.# ≈ #.#.#
#......# #.#.# ########
#.#.# #.#.#


You could see an ice beast and a friendly crimson imp.

Vanquished Creatures
  An ogre (D:3)
  A big fish (D:2)
  A gnoll (D:2)
  3 adders
  A worm (D:2)
  An ooze (D:3)
  A ball python (D:2)
  6 giant cockroaches
  2 goblins
  5 hobgoblins
  4 kobolds
  5 bats
  3 giant newts
  2 quokkas (D:3)
  6 rats
42 creatures vanquished.

Vanquished Creatures (collateral kills)
  2 gnolls (D:2)
  A goblin (D:3)
  A hobgoblin (D:1)
  A bat (D:3)
  2 kobolds
7 creatures vanquished.

Vanquished Creatures (others)
  A crimson imp (D:2)
  3 hounds (D:3)
  A quokka (D:3)
5 creatures vanquished.

Grand Total: 54 creatures vanquished

Notes
Turn   | Place    | Note
--------------------------------------------------------------
     0 | D:1      | PolkaDot, the Vampire Summoner, began the quest for the Orb.
     0 | D:1      | Reached XP level 1. HP: 13/13 MP: 3/3
   405 | D:1      | Reached XP level 2. HP: 19/19 MP: 4/4
   485 | D:1      | Learned a level 2 spell: Call Imp
   859 | D:2      | Found a white marble altar of Elyvilon.
   896 | D:2      | Reached skill level 5 in Summonings
   896 | D:2      | Reached XP level 3. HP: 20/24 MP: 1/6
   943 | D:2      | Learned a level 3 spell: Call Canine Familiar
  1532 | D:2      | Reached XP level 4. HP: 16/30 MP: 3/7
  1660 | D:3      | Reached skill level 6 in Summonings
  1732 | D:3      | Noticed an ogre
  1741 | D:3      | Killed an ogre
  1741 | D:3      | Reached XP level 5. HP: 35/35 MP: 4/9
  2247 | D:3      | Found a shimmering altar of Xom.
  2283 | D:3      | Noticed an ice beast
  2308 | D:3      | Mangled by an ice beast

Action                   |  1- 3 |  4- 6 || total
-------------------------+-------+-------++-------
Melee: Unarmed           |    15 |       ||    15
       Club              |     8 |       ||     8
       Short sword       |    56 |    40 ||    96
 Cast: Summon Small Mamm |     5 |    11 ||    16
       Call Imp          |     2 |     1 ||     3
       Call Canine Famil |     1 |     5 ||     6
  Use: Potion            |     2 |     2 ||     4
       Scroll            |       |     1 ||     1
 Stab: Sleeping          |     6 |     2 ||     8
